Map: [ESL] Ancient Cistern

Players

PtitDrogo

  • Race: Protoss Protoss
  • Spawn Location: 7:00

DnS - Winner!

  • Race: Protoss Protoss
  • Spawn Location: 1:00

Event: ESL SC2 Masters 2023 Summer (Regionals)

VOD

Have the link to the VOD?

Description

Time

  • Played on: May 13, 2023, 10:51 a.m.
  • Length: 6:20

All games in this series

Show
View Real Time Build Order
Export as new Build Order

PtitDrogo Protoss 

Build Orders: Oracle Opening 

Get SALT Encoding   

  12  0:00  Probe  
  13  0:12  Probe  
  14  0:17  Pylon  
  14  0:24  Probe (Chrono Boost)  
  15  0:36  Probe (Chrono Boost)  
  15  0:37  Gateway  
  16  0:44  Probe (Chrono Boost)  
  16  0:48  Assimilator  
  17  0:51  Probe  
  17  0:55  Assimilator  
  18  1:03  Probe (Chrono Boost)  
  19  1:10  Gateway  
  19  1:13  Probe (Chrono Boost)  
  19  1:18  Probe (Chrono Boost)  
  20  1:24  Cybernetics Core  
  21  1:29  Probe  
  22  1:34  Pylon  
  22  1:41  Probe  
  23  1:53  Probe  
  24  2:01  Adept, Warp Gate, Stalker  
  28  2:06  Probe  
  29  2:11  Pylon  
  29  2:20  Stargate  
  29  2:27  Pylon  
  29  2:35  Stalker  
  31  2:38  Stalker  
  31  2:43  Probe  
  34  2:53  Pylon  
  34  2:55  Probe  
  35  3:02  Oracle (Chrono Boost)  
  38  3:16  Probe  
  39  3:26  Nexus  
  39  3:29  Probe  
  40  3:34  Oracle (Chrono Boost)  
  43  3:42  Probe  
  44  3:50  Pylon  
  44  3:54  Probe  
  45  3:56  Twilight Council  
  45  4:12  Probe  
  46  4:20  Stalker x2  
  51  4:24  Probe  
  51  4:32  Blink (Chrono Boost)  
  51  4:36  Probe  
  52  4:40  Probe  
  53  4:48  Probe  
  53  4:52  Probe  
  53  5:00  Probe  
  53  5:04  Probe  
  55  5:11  Stalker  
  55  5:12  Probe, Stalker  
  57  5:16  Probe  
  57  5:19  Gateway  
  58  5:24  Probe  
  58  5:25  Nexus  
  58  5:28  Probe  
  60  5:35  Stalker x2  
  62  5:36  Probe, Shield Battery  
  62  5:40  Shield Battery  
  62  5:42  Probe  
  58  6:01  Stalker x2  
  42  6:14  Stalker  
Show
View Real Time Build Order
Export as new Build Order

DnS Protoss - Winner!

Build Orders: Blink Stalkers 

Get SALT Encoding   

  12  0:00  Probe  
  13  0:12  Probe  
  14  0:17  Pylon  
  14  0:24  Probe (Chrono Boost)  
  15  0:36  Probe (Chrono Boost)  
  15  0:38  Gateway  
  16  0:44  Probe (Chrono Boost)  
  16  0:46  Assimilator  
  17  0:51  Probe  
  17  0:54  Assimilator  
  18  1:03  Probe (Chrono Boost)  
  19  1:06  Gateway  
  20  1:12  Probe (Chrono Boost)  
  20  1:17  Probe (Chrono Boost)  
  20  1:25  Cybernetics Core  
  21  1:29  Probe  
  22  1:34  Pylon  
  22  1:41  Probe  
  23  2:00  Stalker x2  
  27  2:04  Warp Gate (Chrono Boost)  
  27  2:08  Pylon  
  27  2:09  Probe  
  28  2:26  Probe  
  29  2:30  Sentry x2  
  33  2:47  Nexus  
  33  2:50  Probe  
  34  2:56  Shield Battery  
  34  3:02  Shield Battery  
  34  3:06  Probe  
  34  3:10  Pylon  
  35  3:16  Twilight Council  
  35  3:19  Probe  
  35  3:26  Pylon  
  35  3:33  Probe  
  36  3:45  Stalker x2  
  36  3:48  Blink (Chrono Boost)  
  40  3:49  Probe  
  41  3:59  Probe  
  36  4:11  Probe (Chrono Boost)  
  36  4:12  Probe (Chrono Boost)  
  38  4:23  Probe x2 (Chrono Boost)  
  40  4:26  Stalker  
  40  4:27  Probe (Chrono Boost), Stalker  
  45  4:38  Probe  
  45  4:39  Probe  
  45  4:44  Pylon  
  45  4:50  Probe  
  46  4:53  Probe  
  46  4:55  Stalker x2  
  51  5:02  Probe  
  51  5:05  Probe  
  51  5:12  Shield Battery  
  50  5:14  Probe  
  50  5:19  Stalker x2  
  56  5:28  Probe  
  56  5:38  Probe  
  56  5:40  Probe  
  56  5:42  Stalker x2  
  62  5:47  Robotics Facility  
  62  6:05  Probe x2  
  62  6:07  Pylon  
  62  6:16  Stalker x2  
Tags
 
Add a new tag
Caveats
  • Supply blocks, unpowered buildings, or Contaminate may cause inaccurate times.
  • Supply counts are checked every 10 seconds.